[Event "Late-Titled-Tuesday-Blitz-September-19-2023"]
[Site "Chess.com"]
[Date "2023.09.19"]
[Round "5"]
[White "ArtemDyachuk"]
[Black "Pingah9"]
[Result "0-1"]
[WhiteElo "2706"]
[BlackElo "2558"]
[TimeControl "180+1"]
[EndTime "14:54:11 PDT"]
[Termination "Pingah9 won on time"]

1. e4 c5 2. Nf3 e6 3. d4 cxd4 4. Nxd4 Nf6 5. Nc3 Nc6 6. Nxc6 bxc6 7. e5 Nd5 8. Ne4 f5 9. Nd6+ Bxd6 10. exd6 O-O 11. Be2 Ba6 12. O-O Bxe2 13. Qxe2 c5 14. c4 Nf6 15. b3 Qb6 16. Rd1 Ne4 17. Bb2 Rf7 18. Be5 Rc8 19. f3 Nf6 20. Qe3 h6 21. Rd2 a5 22. h3 Qc6 23. Qc3 Ra8 24. a3 Rff8 25. Rb1 Kh7 26. Kh2 Ne8 27. b4 axb4 28.
axb4 cxb4 29. Rxb4 Rc8 30. Ra2 Nf6 31. Ra7 Ne8 32.
Qd4 Rf7 33. Ra5 Nf6 34. Bxf6 Rxf6 35. c5 Ra8 36. Rb6 Qc8 37. Qa4 Qxc5 38. Rxa8 Qxb6 39. Qxd7 Rg6 40. Qf7 Qxd6+ 0-1

[Event "Late-Titled-Tuesday-Blitz-September-19-2023"]
[Site "Chess.com"]
[Date "2023.09.19"]
[Round "5"]
[White "Eloist"]
[Black "Ready4abattle"]
[Result "1-0"]
[WhiteElo "2492"]
[BlackElo "2327"]
[TimeControl "180+1"]
[EndTime "14:54:12 PDT"]
[Termination "Eloist won by resignation"]

1. e4 c5 2. Nf3 Nc6 3. Bb5 e6 4.
Bxc6 bxc6 5. d3 Ne7 6. Qe2 Ng6 7. h4 h5 8. e5 Be7 9. Qe4 d5 10. exd6 Qxd6 11. Na3 Qd5 12. Bg5 Rb8 13. Bxe7 Qxe4+ 14. dxe4 Kxe7 15. b3 Ba6 16. O-O-O Rhd8 17. c4 e5 18. Nb1 Rxd1+ 19. Rxd1 Bc8 20. g3 Bg4 21. Rd3 f5 22. Nc3 fxe4 23. Nxe4 Rf8 24. Nfg5 Bf5 25. f3 Nh8 26. Rd6 Bxe4 27. Nxe4 Rxf3 28. Rxc6 Nf7 29. Rc7+ Ke6 30. Rxf7 Rxf7 31. Ng5+ Kf6 32. Nxf7 Kxf7 33. Kd2 g5 34. hxg5 Kg6 35. Ke3 Kxg5 36. b4 cxb4 37. Ke4 Kg4 38. c5 Kxg3 39. c6 h4 40. c7 h3 41.
c8=Q h2 42. Qg8+ Kf2 43. Qf7+ Kg1 44. Qg6+ Kf1 45. Qf5+ Kg1 46. Qg4+ Kf1 47. Qf3+ Kg1 48. Qg3+ Kh1 1-0

[Event "Late-Titled-Tuesday-Blitz-September-19-2023"]
[Site "Chess.com"]
[Date "2023.09.19"]
[Round "5"]
[White "Lennis93"]
[Black "Joshukid"]
[Result "1-0"]
[WhiteElo "2740"]
[BlackElo "2566"]
[TimeControl "180+1"]
[EndTime "14:54:14 PDT"]
[Termination "Lennis93 won by resignation"]

1. d4 d5 2. Nf3 Nf6 3. g3 e6 4. Bg2 Be7 5. O-O O-O 6. Nbd2 c5 7. c3 Nc6 8. e3 b6 9. b3 a5 10. Bb2 Ba6 11. Re1 Rc8 12. Bf1 Bb7 13. Rc1 Re8 14.
Qc2 Bf8 15. Qb1 g6 16. Rcd1 Qc7 17. Bb5 Red8 18. Bf1 Bg7 19. Bg2 Re8 20. c4 cxd4 21.
exd4 dxc4 22. bxc4 Rcd8 23. h3 Nd7 24. d5 Bxb2 25.
dxc6 Qxc6 26. Qxb2 Nc5 27. Qb5 Qc8 28. Qxb6 Na4 29.
Qxa5 Nc5 30. Nb3 Nd3 31. Rf1 Nb2 32. Rc1 Nd3 33. Rc2 Be4 34. Ng5 Bxg2 35. Kxg2 Qb7+ 36.
Kg1 Ra8 37. Qb5 Qe7 38. h4 Rab8 39. Qa5 h6 40. Ne4 f5 41. Nec5 Ra8 42. Qb5 Reb8 43.
Qc6 Nxc5 44. Qxc5 Qf6 45. Qe3 e5 46. Qxh6 f4 47. Qg5 Qf7 48. Qxe5 f3 49. Qd5 Qxd5 50.
cxd5 Rc8 51. Rxc8+ Rxc8 52. Rd1 Rc2 53. d6 Kf8 54. d7 1-0

[Event "Late-Titled-Tuesday-Blitz-September-19-2023"]
[Site "Chess.com"]
[Date "2023.09.19"]
[Round "5"]
[White "Jaka_Brilej"]
[Black "jinxy2009"]
[Result "1-0"]
[WhiteElo "2480"]
[BlackElo "2306"]
[TimeControl "180+1"]
[EndTime "14:54:14 PDT"]
[Termination "Jaka_Brilej won on time"]

1. e4 c6 2. d4 d5 3. e5 Bf5 4. Nf3 e6 5. Be2 a5 6. O-O a4 7. a3 Nd7 8. Nbd2 Ne7 9. Nh4 Bg6 10. Nxg6 Nxg6 11. f4 Nh4 12. Nf3 Nxf3+ 13. Rxf3 c5 14.
c3 Qb6 15. Kh1 c4 16. f5 Qb3 17. Qf1 O-O-O 18. Bd1 Qb5 19. Qe2 Qc6 20. Qc2 b5 21.
Bg5 Re8 22. Qf2 h6 23. Bh4 Be7 24. Bxe7 Rxe7 25. Bc2 Ree8 26. Rf1 Qc7 27. Qg3 Rhg8 28. fxe6 fxe6 29. Bh7 Rh8 30. Bg6 Ref8 31. Qg4 Qc6 32.
Bf7 h5 33. Qxg7 Qb6 34. Qg6 1-0

[Event "Late-Titled-Tuesday-Blitz-September-19-2023"]
[Site "Chess.com"]
[Date "2023.09.19"]
[Round "5"]
[White "CFalcons8"]
[Black "TC2304"]
[Result "0-1"]
[WhiteElo "2256"]
[BlackElo "2376"]
[TimeControl "180+1"]
[EndTime "14:54:14 PDT"]
[Termination "TC2304 won by resignation"]

1. e4 Nc6 2. Nf3 d6 3. d4 Nf6 4.
Nbd2 e5 5. dxe5 Nxe5 6. Be2 Be7 7. Nxe5 dxe5 8. c3 O-O 9. O-O c6 10. Qc2 Be6 11. Bc4 Bxc4 12. Nxc4 Qc7 13. f3 Rfd8 14.
Be3 b5 15. Nd2 a5 16. a4 Qb7 17. axb5 Qxb5 18. b3 Qd3 19. Qxd3 Rxd3 20. Nc4 Rxc3 21. Rfc1 Rxc1+ 22. Rxc1 Nd7 23. Ra1 Bb4 24. Bd2 Bxd2 25. Nxd2 Nb6 26. b4 a4 27. Rc1 a3 28.
Nb3 a2 29. Na1 Rc8 30. Rc2 Kf8 31. Rxa2 c5 32. bxc5 Rxc5 33. Nb3 Rc3 34. Nd2 Ke7 35. Kf2 f6 36. Ra7+ Nd7 37. Ke2 Ke6 38. Ra4 g6 39.
Ra6+ Ke7 40. Ra4 h5 41. Rc4 Ra3 42. Rc2 Nf8 43. Nc4 Ra7 44. Ne3 Ne6 45. Nd5+ Kf7 46. g3 Nd4+ 47. Kd2 Nxc2 48. Kxc2 Ra2+ 49. Kd3 Rxh2 50. Ke3 h4 51. gxh4 Rxh4 52. Kf2 Rh2+ 53. Kg3 Rd2 54. f4 Rxd5 55. exd5 exf4+ 56. Kxf4 Ke7 57. Ke4 Kd6 58. Kd4 f5 0-1

[Event "Late-Titled-Tuesday-Blitz-September-19-2023"]
[Site "Chess.com"]
[Date "2023.09.19"]
[Round "5"]
[White "azikom"]
[Black "Squirlolz"]
[Result "1-0"]
[WhiteElo "2624"]
[BlackElo "2493"]
[TimeControl "180+1"]
[EndTime "14:54:16 PDT"]
[Termination "azikom won on time"]

1. c4 b6 2. Nc3 Bb7 3. e4 e6 4. d3 g6 5. Nge2 Bg7 6. g3 Ne7 7. Bg2 O-O 8. h4 h6 9. Be3 d5 10. exd5 exd5 11. Qd2 Kh7 12. Nf4 c6 13. cxd5 Nxd5 14.
Nfxd5 cxd5 15. O-O-O Na6 16. Kb1 Nc5 17. d4 Ne4 18.
Nxe4 dxe4 19. d5 Rc8 20. Bxe4 Re8 21. Bg2 Re5 22. Rhe1 Bxd5 23. Bxd5 Qf6 24. Bb3 Rb5 25. Bd4 Qf5+ 26. Qd3 Bxd4 27. Qxf5 Rxf5 28. Rxd4 Rxf2 29. Rd7 Kg7 30. Rxa7 Rc5 31. a4 g5 32. hxg5 Rxg5 33. Re3 Rg2 34. Rxf7+ Kg6 35. Rff3 Rh5 36. Bc2+ Kg5 37.
Rf5+ Kg4 38. Rxh5 Kxh5 39. Rb3 Kg5 40. Rb5+ Kg4 41. Rxb6 Rxg3 42. Rg6+ 1-0

[Event "Late-Titled-Tuesday-Blitz-September-19-2023"]
[Site "Chess.com"]
[Date "2023.09.19"]
[Round "5"]
[White "JackRodgers"]
[Black "zsoltkorpics"]
[Result "1-0"]
[WhiteElo "2507"]
[BlackElo "2351"]
[TimeControl "180+1"]
[EndTime "14:54:17 PDT"]
[Termination "JackRodgers won by resignation"]

1. d4 Nf6 2. Bg5 Ne4 3. h4 d5 4.
Nd2 Nxg5 5. hxg5 c5 6. dxc5 e6 7. e3 Bxc5 8. g6 fxg6 9. Bd3 Qf6 10. Qg4 O-O 11. O-O-O e5 12. Qa4 e4 13. Bxe4 Be6 14. Bf3 Nc6 15. Nb3 Be7 16. Nh3 Rad8 17. Nf4 g5 18.
Nxe6 Qxe6 19. Nd4 Qf6 20. Qb3 Qe5 21. Ne2 Na5 22. Bxd5+ Kh8 23. Qd3 h6 24. Nc3 Bf6 25. Qg6 Rxd5 26. Rxd5 Qc7 27. Qd3 Nc6 28. Qc4 Qb6 29.
Rhd1 Ne5 30. Qc5 Qa6 31. Qxf8+ Kh7 32. Rxe5 Bxe5 33. Qf5+ Qg6 34. Qxe5 h5 35. Qe4 Kh6 36. Qxg6+ Kxg6 37. Rd7 1-0

[Event "Late-Titled-Tuesday-Blitz-September-19-2023"]
[Site "Chess.com"]
[Date "2023.09.19"]
[Round "5"]
[White "Lady_Nika"]
[Black "enestnrvrd"]
[Result "0-1"]
[WhiteElo "2467"]
[BlackElo "2684"]
[TimeControl "180+1"]
[EndTime "14:54:18 PDT"]
[Termination "enestnrvrd won on time"]

1. c4 Nf6 2. Nc3 g6 3. d4 d5 4. e3 Bg7 5. Nf3 O-O 6. cxd5 Nxd5 7. Be2 c5 8. O-O cxd4 9. Nxd4 Nxc3 10. bxc3 Nd7 11.
Ba3 Re8 12. Qb3 a6 13. Rfd1 Qc7 14. Rac1 Nf6 15. c4 Bd7 16. c5 Rad8 17. Bf3 e5 18.
c6 exd4 19. cxd7 Qxd7 20. Rxd4 Qf5 21. Rxd8 Rxd8 22. Qxb7 h5 23. Be7 Rd2 24. Qxa6 Ng4 25. Bh4 Be5 26. h3 Kg7 27. hxg4 hxg4 28. e4 Qh5 29. Rc5 Qxh4 30. Rxe5 gxf3 31. Qf1 Qg4 32. g3 Rxa2 33. Rc5 Qxe4 34. Rc1 Re2 0-1

[Event "Late-Titled-Tuesday-Blitz-September-19-2023"]
[Site "Chess.com"]
[Date "2023.09.19"]
[Round "5"]
[White "K_A_S_T_O_R"]
[Black "MKlose11"]
[Result "1-0"]
[WhiteElo "2916"]
[BlackElo "2587"]
[TimeControl "180+1"]
[EndTime "14:54:18 PDT"]
[Termination "K_A_S_T_O_R won by resignation"]

1. e4 e6 2. d4 d5 3. Nc3 Bb4 4. e5 b6 5. Bd2 Ne7 6. Bb5+ c6 7. Ba4 Ba6 8. Nce2 Bxd2+ 9. Qxd2 O-O 10. Nf3 c5 11. c3 Nbc6 12. O-O Rc8 13. Rfe1 cxd4 14. Nexd4 Nxd4 15. Nxd4 b5 16. Bc2 Nc6 17. Nf3 b4 18. cxb4 Nxb4 19. Bxh7+ Kxh7 20. Qxb4 Rb8 21. Qd2 Qb6 22.
b3 Qb4 23. Qc2+ Kg8 24. Ng5 Qh4 25. f4 Rfc8 26. Qd2 Qg4 27. Rac1 Qf5 28. Nf3 Qd3 29. Qxd3 Bxd3 30. Kf2 Be4 31. Nd4 Kf8 32. g3 Ke8 33. Ke3 Kd7 34. h4 f6 35. Kd2 a6 36. Rxc8 Rxc8 37.
Rc1 Rf8 38. Ke3 fxe5 39. fxe5 a5 40. Rc6 Rf1 41. Rd6+ Kc8 42. Nxe6 Rf3+ 43. Kd4 Rxg3 44. Nc5 Rg4 45. Nxe4 Rxe4+ 46. Kxd5 Rxh4 47. Rc6+ Kd8 48. Ra6 a4 49. Rxa4 Rh2 50. Ke6 Rh6+ 51. Kf7 g5 52. Rd4+ Kc7 53. e6 Rh7+ 54. Kg6 Re7 55. Kf6 Re8 56. Kf7 1-0

[Event "Late-Titled-Tuesday-Blitz-September-19-2023"]
[Site "Chess.com"]
[Date "2023.09.19"]
[Round "5"]
[White "campochess"]
[Black "norwaytoadog"]
[Result "1-0"]
[WhiteElo "2179"]
[BlackElo "2331"]
[TimeControl "180+1"]
[EndTime "14:54:18 PDT"]
[Termination "campochess won on time"]

1. d4 d5 2. Bg5 f6 3. Bd2 Nc6 4. c3 e5 5. e3 a6 6. f4 Bf5 7.
Ne2 exf4 8. Nxf4 Nge7 9. Bd3 Qd7 10. Bxf5 Qxf5 11. O-O Qd7 12. Na3 O-O-O 13. b4 Ng6 14.
Nd3 Bd6 15. Nc2 Rde8 16. Rb1 h5 17. b5 axb5 18. Rxb5 Nce7 19. Qb1 c6 20. Rb3 Qc7 21. Nf4 Nxf4 22. exf4 Nf5 23. Qd1 Re4 24. Qf3 h4 25. Ne1 Rhe8 26. Nd3 Qd7 27. Ne5 fxe5 28. fxe5 g6 29.
exd6 Qxd6 30. Rfb1 R8e7 31. Bg5 Re1+ 32. Rxe1 Rxe1+ 33. Kf2 Qe6 34. Rb2 b5 35. a4 bxa4 36. Qf4 Nd6 37.
Qf8+ Ne8 38. Qb4 Nc7 39. Qb7+ Kd7 40. Qb8 Qe8 41. Qb4 1-0

[Event "Late-Titled-Tuesday-Blitz-September-19-2023"]
[Site "Chess.com"]
[Date "2023.09.19"]
[Round "5"]
[White "Vaathi_Coming"]
[Black "Thjop"]
[Result "0-1"]
[WhiteElo "2858"]
[BlackElo "2624"]
[TimeControl "180+1"]
[EndTime "14:54:19 PDT"]
[Termination "Thjop won on time"]

1. g3 Nf6 2. Bg2 g6 3. e4 d6 4. d4 Bg7 5. Ne2 O-O 6. O-O e5 7. Nbc3 Nbd7 8. a4 a5 9. h3 b6 10.
f4 Bb7 11. d5 exf4 12. gxf4 Re8 13. Ng3 Nc5 14. f5 Nfd7 15. Qf3 Ne5 16. Qf2 Qh4 17. Be3 Ba6 18. Nb5 Bxb5 19. axb5 Bh6 20. Bd4 Bg7 21. f6 Bh6 22. Rad1 a4 23. Ra1 Ra5 24. Kh1 Bg5 25. b4 axb3 26. Rxa5 bxa5 27. cxb3 Nxb3 28. Bc3 a4 29.
Bb4 Nd3 30. Qf3 Nxb4 31. Qc3 Nc5 32. Kh2 Bf4 33. Rxf4 Qxf4 34. Qxb4 Qxf6 35. Qa5 Qe7 36. b6 cxb6 37. Qxb6 Ra8 38. Qc6 Ra7 39. e5 Qxe5 40.
Qb6 Ra6 41. Qd8+ Kg7 42. h4 h5 43. Bh3 a3 44. Bf5 a2 45. Kh3 Ra3 0-1

[Event "Late-Titled-Tuesday-Blitz-September-19-2023"]
[Site "Chess.com"]
[Date "2023.09.19"]
[Round "5"]
[White "sergoy"]
[Black "FairChess_on_YouTube"]
[Result "0-1"]
[WhiteElo "2907"]
[BlackElo "3080"]
[TimeControl "180+1"]
[EndTime "14:54:22 PDT"]
[Termination "FairChess_on_YouTube won by resignation"]

1. d4 Nf6 2. c4 d6 3. Nf3 g6 4. g3 Bg7 5. Bg2 O-O 6. O-O c6 7.
Nc3 Bf5 8. Ne1 Na6 9. e4 Bg4 10. Qb3 e5 11. dxe5 Nd7 12. exd6 Ndc5 13. Qa3 Qxd6 14. Be3 Rfd8 15. Rc1 Bxc3 16. Qxc3 Be2 17. e5 Qe6 18. Nf3 Bxf1 19. Bxf1 Qf5 20. Nh4 Qh5 21. f4 Rd1 22. b4 Ne6 23. Kg2 Rad8 24. Rc2 Rxf1 25.
Kxf1 Qd1+ 26. Kg2 Rd3 27. Rd2 Rxc3 28. Rxd1 Rxe3 29. f5 gxf5 30. Nxf5 Rxe5 31. Nd6 Nxb4 32. Nxb7 Nxa2 33. Rd7 Nb4 34. Nd6 Re2+ 35. Kh3 Rd2 36. Kg4 a5 37. Kf5 Na6 38. Ne8 Rxd7 39. Nf6+ Kg7 0-1

[Event "Late-Titled-Tuesday-Blitz-September-19-2023"]
[Site "Chess.com"]
[Date "2023.09.19"]
[Round "5"]
[White "bipe137"]
[Black "johnathan113"]
[Result "1-0"]
[WhiteElo "2568"]
[BlackElo "2706"]
[TimeControl "180+1"]
[EndTime "14:54:22 PDT"]
[Termination "bipe137 won on time"]

1. d4 Nf6 2. c4 g6 3. Nc3 Bg7 4. e4 O-O 5. Nf3 d6 6. Be2 Na6 7. O-O e5 8. Be3 c6 9. d5 Ng4 10. Bg5 f6 11. Bc1 c5 12. a3 f5 13. Ng5 Nf6 14.
exf5 gxf5 15. f4 e4 16. Be3 b6 17. Kh1 h6 18. Nh3 Bd7 19. Nf2 Nc7 20. Rc1 a6 21.
Rg1 b5 22. b3 bxc4 23. bxc4 Rb8 24. g4 Rb2 25. Rc2 Qb8 26. gxf5 Bxf5 27. Qd2 Rb3 28.
Rcc1 Rb2 29. Rc2 Rb3 30. Rcc1 Rxa3 31. Rb1 Rb3 32. Rxb3 Qxb3 33. Rb1 Qa3 34. Rb7 Nce8 35. Nfd1 Ng4 36. h3 Nxe3 37. Qxe3 Bd4 38. Qg3+ Kh8 39. Bg4 Bh7 40. Be6 e3 41. Ne2 1-0

[Event "Late-Titled-Tuesday-Blitz-September-19-2023"]
[Site "Chess.com"]
[Date "2023.09.19"]
[Round "5"]
[White "Bilan_Danila"]
[Black "stasOR4ik"]
[Result "1-0"]
[WhiteElo "2566"]
[BlackElo "2438"]
[TimeControl "180+1"]
[EndTime "14:54:22 PDT"]
[Termination "Bilan_Danila won on time"]

1. d4 d5 2. Nf3 Nf6 3. c4 c6 4.
Nc3 dxc4 5. a4 Bf5 6. e3 e6 7. Bxc4 Bb4 8. O-O O-O 9. Qe2 Nbd7 10. e4 Bg4 11. h3 Bxf3 12. Qxf3 Nb6 13. Qd3 Bxc3 14.
bxc3 Nxc4 15. Qxc4 Nxe4 16. Re1 Nd6 17. Qc5 Qd7 18.
Ba3 Rfd8 19. Rab1 b6 20. Qg5 Nc4 21. Be7 h6 22. Qh4 Re8 23. Rb4 Na5 24. Bf6 gxf6 25.
Qxh6 f5 26. Re3 f4 27. d5 exd5 28. Rxf4 Rxe3 29. Rg4+ Qxg4 30. hxg4 Re1+ 31. Kh2 Re6 32. Qh5 Kg7 33. Kg3 Rae8 34. Qg5+ Kf8 35. f4 Re3+ 36. Kh2 Nc4 37. f5 1-0

[Event "Late-Titled-Tuesday-Blitz-September-19-2023"]
[Site "Chess.com"]
[Date "2023.09.19"]
[Round "5"]
[White "simplerXiao"]
[Black "KaydenTroffChess"]
[Result "1-0"]
[WhiteElo "2586"]
[BlackElo "2775"]
[TimeControl "180+1"]
[EndTime "14:54:23 PDT"]
[Termination "simplerXiao won by resignation"]

1. e4 c5 2. Nf3 g6 3. d4 cxd4 4.
Nxd4 Bg7 5. c4 Qb6 6. Nb3 a5 7. c5 Qc6 8. Qd5 a4 9. N3d2 a3 10. Nc3 Nf6 11. Qxc6 Nxc6 12. Bd3 Nh5 13. Rb1 Nf4 14.
Bf1 Nb4 15. bxa3 Nbd3+ 16. Bxd3 Nxd3+ 17. Ke2 Nxf2 18. Nb5 Nxh1 19. Nc7+ Kd8 20. Nxa8 d6 21. cxd6 exd6 22. Nc4 Bg4+ 23. Kf1 Be6 24. Nab6 Kc7 25. Nd5+ Bxd5 26. exd5 Bd4 27. Na5 b6 28. Nb3 Be5 29.
g3 Nxg3+ 30. hxg3 Bxg3 31. Kg2 Be5 32. Be3 h5 33. Rc1+ Kd7 34. Rc6 h4 35. Rxb6 h3+ 36. Kh1 Ke7 37. Rb7+ Kf6 38. Nd2 Rc8 39. Nf3 Rc3 40.
Nxe5 Rxe3 41. Ng4+ Kf5 42. Nxe3+ Ke4 43. Rb3 f5 44. a4 g5 45. Nxf5 Kxf5 46. Rxh3 Ke5 47. Rg3 Kxd5 48. Rxg5+ Kc6 49. a5 Kb7 50. Kg2 Ka6 51.
Kf3 d5 52. Rxd5 1-0

[Event "Late-Titled-Tuesday-Blitz-September-19-2023"]
[Site "Chess.com"]
[Date "2023.09.19"]
[Round "5"]
[White "Qvalda"]
[Black "Cipy77"]
[Result "0-1"]
[WhiteElo "2332"]
[BlackElo "2500"]
[TimeControl "180+1"]
[EndTime "14:54:31 PDT"]
[Termination "Cipy77 won on time"]

1. d4 d5 2. c4 c6 3. cxd5 cxd5 4. Nf3 Nc6 5. Nc3 Nf6 6. Bf4 e6 7. e3 a6 8. Rc1 Bd6 9. Bg5 h6 10. Bh4 g5 11. Bg3 Bb4 12. Bd3 Ne4 13. Bxe4 dxe4 14. Nd2 f5 15. h4 g4 16. a3 Bd6 17. Nc4 Bxg3 18. fxg3 Qc7 19. Ne2 Bd7 20. d5 exd5 21. Qxd5 O-O-O 22. Nd6+ Kb8 23. Nf7 Qb6 24. Nxh8 Bc8 25.
Qc5 Qxb2 26. Nf7 Rd2 27. Nf4 Rxg2 28. Nxg2 Qxg2 29. Qd6+ Ka7 30. Rf1 Qb2 31. Qd2 Qxa3 32.
Nd6 Be6 33. Nxf5 Nb4 34. Qd4+ Ka8 35. Qd8+ Ka7 36. Qd4+ Ka8 37. Rd1 Nc2+ 38. Kf2 Nxd4 39. Nxd4 Bc4 40. Rfe1 Qb2+ 41. Kg1 a5 42. Rb1 Qd2 43.
Ra1 Ka7 44. Nf5 Be2 45. Nd4 Bf3 46. Nxf3 exf3 0-1

[Event "Late-Titled-Tuesday-Blitz-September-19-2023"]
[Site "Chess.com"]
[Date "2023.09.19"]
[Round "5"]
[White "SlipperySpeedster"]
[Black "Harald_Schmidt"]
[Result "1/2-1/2"]
[WhiteElo "2647"]
[BlackElo "2336"]
[TimeControl "180+1"]
[EndTime "14:54:33 PDT"]
[Termination "Game drawn by repetition"]

1. d4 d5 2. Nf3 Nf6 3. c3 c6 4. Bf4 Bf5 5. Nbd2 h6 6. e3 e6 7.
h3 Bd6 8. Bxd6 Qxd6 9. Ne5 Nbd7 10. Ndf3 O-O 11. Be2 Be4 12. O-O Bxf3 13. Nxf3 e5 14. dxe5 Nxe5 15. Qd4 Nxf3+ 16. Bxf3 Qe6 17. Rfe1 Rfe8 18.
Rad1 Qe5 19. Qb4 Qc7 20. c4 dxc4 21. Qxc4 Rad8 22. b4 Rxd1 23. Rxd1 Rd8 24. Rc1 Qe5 25. a4 Rd2 26. b5 cxb5 27. axb5 b6 28. Qc8+ Kh7 29. Qc7 Qb2 30. Rc6 Rd7 31. Qc8 Re7 32.
Qf5+ Kg8 33. Rc8+ Re8 34. Bd5 Rxc8 35. Qxc8+ Kh7 36. Bxf7 Qxb5 37. Qc2+ Kh8 38. Qc7 a5 39. e4 Qc5 40. Qb8+ Kh7 41. e5 Qc1+ 42. Kh2 Qf4+ 43.
Kg1 Qc1+ 44. Kh2 Qf4+ 45. Kh1 Qc1+ 46. Kh2 1/2-1/2

[Event "Late-Titled-Tuesday-Blitz-September-19-2023"]
[Site "Chess.com"]
[Date "2023.09.19"]
[Round "5"]
[White "RichardLeyvaP"]
[Black "kleopl"]
[Result "0-1"]
[WhiteElo "2575"]
[BlackElo "2470"]
[TimeControl "180+1"]
[EndTime "14:54:33 PDT"]
[Termination "kleopl won on time"]

1. e4 c5 2. Nf3 d6 3. d4 cxd4 4.
Nxd4 Nf6 5. Nc3 a6 6. Bc4 e6 7. Bb3 Be7 8. g4 h6 9. Be3 b5 10. f3 Bd7 11. Qe2 b4 12. Nd1 a5 13. Nf2 a4 14. Bc4 Nc6 15. Nxc6 Bxc6 16. O-O-O Qc7 17. h4 d5 18. g5 dxc4 19. gxf6 Bxf6 20. Qxc4 a3 21. b3 Qb7 22. Bd4 Bxd4 23. Qxd4 O-O 24.
Rhg1 f6 25. Ng4 e5 26. Qc4+ Kh7 27. Ne3 Bd7 28. Rd2 Rac8 29. Qd5 Bc6 30. Qd6 Rcd8 31.
Qxd8 Rxd8 32. Rxd8 Qb6 33. Rd3 Bb5 34. Rgd1 Bxd3 35.
Rxd3 Qc5 36. h5 Qa7 37. Kd2 g6 38. hxg6+ Kxg6 39. Ke2 Kg5 40. Rd1 h5 41. Rg1+ Kh6 42.
Nf5+ Kh7 43. Rg2 Qc5 44. Kd1 Qc3 45. Rg7+ Kh8 46. Rb7 Qxf3+ 47. Kd2 Qxe4 48. Ne7 Qxb7 0-1

[Event "Late-Titled-Tuesday-Blitz-September-19-2023"]
[Site "Chess.com"]
[Date "2023.09.19"]
[Round "5"]
[White "Bauman_Guy"]
[Black "Oleksandr_Bortnyk"]
[Result "1-0"]
[WhiteElo "2911"]
[BlackElo "3003"]
[TimeControl "180+1"]
[EndTime "14:54:35 PDT"]
[Termination "Bauman_Guy won by resignation"]

1. e4 Nf6 2. e5 Nd5 3. d4 d6 4. Bc4 Nb6 5. Bb3 d5 6. c3 Bf5 7. Ne2 e6 8. Nd2 c5 9. h4 h6 10. Ng3 Bh7 11. h5 Nc6 12. Qg4 cxd4 13. cxd4 Nb4 14. O-O Rc8 15. Nf3 Nc2 16. Bxc2 Rxc2 17.
b3 Qc7 18. Be3 a5 19. Rfc1 Kd7 20. Qf4 f6 21. Rxc2 Bxc2 22. Rc1 Ba3 23. Qg4 Rh7 24. exf6 gxf6 25. Re1 Qd6 26. Bxh6 a4 27. Bg7 Qe7 28. h6 Bd6 29. Nh5 Bf5 30. Qh4 Kc6 31. Qxf6 a3 32. g4 Bd3 33. Ne5+ Kb5 34. Qxe7 Bxe7 35. Nxd3 Bg5 36.
Rxe6 Nc4 37. bxc4+ dxc4 38. Ne1 Bd2 39. Nc2 c3 40.
Kf1 Kc4 41. Ke2 b5 42. f4 b4 43. Rb6 b3 44. Rxb3 Bc1 45. g5 Kd5 46. g6 Rxh6 47. Bxh6 Bxf4 48. Nxf4+ Kc4 49. d5 Kc5 50. Rxc3+ Kb5 51.
d6 Ka4 52. d7 Kb5 53. d8=Q Ka4 54. Rc4+ 1-0

[Event "Late-Titled-Tuesday-Blitz-September-19-2023"]
[Site "Chess.com"]
[Date "2023.09.19"]
[Round "5"]
[White "AlexandraBotez"]
[Black "UK_23"]
[Result "0-1"]
[WhiteElo "2301"]
[BlackElo "2423"]
[TimeControl "180+1"]
[EndTime "14:54:35 PDT"]
[Termination "UK_23 won by resignation"]

1. d4 d5 2. g3 Nf6 3. Bg2 e6 4. c4 Be7 5. Nf3 O-O 6. O-O c6 7. Ne5 Nfd7 8. cxd5 cxd5 9. Nd3 Nc6 10. e3 b6 11. Nc3 Ba6 12. a3 Rc8 13. Re1 Na5 14.
Nb4 Bb7 15. Bd2 Nf6 16. Nd3 Nc4 17. b3 Nxd2 18. Qxd2 Ne4 19. Nxe4 dxe4 20. Ne5 Bd5 21. b4 f6 22. Ng4 h5 23. Ne5 fxe5 24. dxe5 Qc7 25.
Qd4 Qc3 26. Red1 Qxd4 27. Rxd4 Rc2 28. Rf1 Bc4 29. Bxe4 Bxf1 30. Bxc2 Bb5 31. Bb3 Kf7 32. Rf4+ Ke8 33. Rd4 Bd7 34. Bc2 h4 35. Bg6+ Kd8 36.
Be4 Kc7 37. f4 b5 38. Rd2 hxg3 39. hxg3 Rc8 40. Kf2 Kd8 41. g4 Rc3 42. Bc6 Rxc6 43. Kg3 Rc3 44. Re2 Rxa3 45. g5 g6 46. Kg4 Rb3 47.
Rh2 Rxb4 48. Rh8+ Be8 49. Rh7 a5 50. Rh2 a4 51. Rd2+ Bd7 52. Rh2 a3 53. e4 Rxe4 54. Kf3 Ra4 55. Ra2 0-1

[Event "Late-Titled-Tuesday-Blitz-September-19-2023"]
[Site "Chess.com"]
[Date "2023.09.19"]
[Round "5"]
[White "laskakid"]
[Black "jup1978"]
[Result "1-0"]
[WhiteElo "2305"]
[BlackElo "2452"]
[TimeControl "180+1"]
[EndTime "14:54:36 PDT"]
[Termination "laskakid won on time"]

1. d4 Nf6 2. c4 g6 3. Nc3 Bg7 4. Nf3 d6 5. Bg5 O-O 6. e3 b6 7.
Bd3 Bb7 8. O-O Nbd7 9. Nd2 h6 10. Bh4 a6 11. Qc2 e5 12. d5 Nc5 13. Be2 a5 14. b3 Bc8 15. a3 Bd7 16. Rab1 Qe8 17. Kh1 Nh7 18. Rbe1 h5 19. f4 exf4 20. exf4 Bf5 21. Qc1 Qe3 22. Nb5 Nxb3 23. Nxb3 Qxb3 24. Nxc7 Rac8 25.
Nb5 Rce8 26. Nxd6 Rxe2 27. Rxe2 Bd3 28. Re3 Qc2 29. Qxc2 Bxc2 30. Rc1 Ba4 31. Rb1 Bd4 32. Re4 Bc5 33. Ree1 Bxd6 34. Rxb6 Bxa3 35. Ra6 Bb4 36. Ra1 Bb3 37. c5 Bxd5 38. Be7 Re8 39. Ra7 Kg7 40. Rd1 Bc6 41. Rc7 Bb5 42. Bd6 Nf6 43. Be5 Re6 44. Rd6 1-0

[Event "Late-Titled-Tuesday-Blitz-September-19-2023"]
[Site "Chess.com"]
[Date "2023.09.19"]
[Round "5"]
[White "BigAl"]
[Black "rychessmaster1"]
[Result "0-1"]
[WhiteElo "2551"]
[BlackElo "2740"]
[TimeControl "180+1"]
[EndTime "14:54:38 PDT"]
[Termination "rychessmaster1 won on time"]

1. Nf3 d5 2. g3 Nf6 3. Bg2 g6 4. O-O Bg7 5. d3 O-O 6. Nbd2 d4 7. Nb3 Nc6 8. Bd2 e5 9. c3 Re8 10. cxd4 exd4 11. Rc1 Nd5 12. Rxc6 bxc6 13. Nfxd4 Bd7 14.
Qc1 Rb8 15. Nxc6 Bxc6 16. Qxc6 Nb4 17. Qc4 Qd6 18. a3 Na6 19. Bf4 Be5 20. Bxe5 Rxe5 21. Bf3 Reb5 22. Nd4 Rxb2 23. Nc6 R8b6 24. Kg2 Nc5 25.
Rc1 Nd7 26. Nxa7 Ne5 27. Qxc7 Qxc7 28. Rxc7 Nxf3 29. Kxf3 Rf6+ 30. Ke3 Re6+ 31. Kd4 Rbxe2 32. f4 Rxh2 33. Nc6 Ra2 34. Ne5 Rxa3 35. Nxf7 g5 36. Nxg5 Rd6+ 37. Ke4 Raxd3 38. g4 R6d4+ 39. Ke5 Rd5+ 40.
Ke4 h6 41. Rc8+ Kg7 42. Ne6+ Kf6 43. f5 Rd1 44. Rc6 Re5+ 45. Kf4 Rf1+ 46. Kg3 Ke7 47. Nd4 Rd5 48. Ne6 Rd3+ 49. Kg2 Re1 50. Nf4 Rd2+ 51. Kg3 Re3+ 52. Kh4 Rh2+ 0-1

[Event "Late-Titled-Tuesday-Blitz-September-19-2023"]
[Site "Chess.com"]
[Date "2023.09.19"]
[Round "5"]
[White "SEBAZZANO"]
[Black "Leo_C"]
[Result "0-1"]
[WhiteElo "2200"]
[BlackElo "2635"]
[TimeControl "180+1"]
[EndTime "14:54:38 PDT"]
[Termination "Leo_C won on time"]

1. d4 Nf6 2. Bf4 d5 3. e3 c5 4. c3 Nc6 5. Nd2 e6 6. Ngf3 cxd4 7. exd4 Nh5 8. Bg5 f6 9. Be3 Bd6 10. Bd3 Nf4 11. Bxf4 Bxf4 12. O-O O-O 13. Re1 Bd7 14. Nb3 b6 15. Bb5 Rc8 16. Ba6 Rc7 17. a4 g5 18.
a5 g4 19. Nfd2 f5 20. axb6 axb6 21. Bb5 Rf6 22. Nf1 Rh6 23. g3 Bd6 24. Qd2 Rg6 25.
Ra2 h5 26. Rea1 Kh7 27. Ra8 Qe7 28. Bxc6 Bxc6 29. Rb8 Rb7 30. Rxb7 Qxb7 31. Nc1 h4 32. Nd3 hxg3 33. fxg3 Bb5 34. Qe3 Bxd3 35. Qxd3 Kg7 36.
Qa6 Qc7 37. Qa8 Qb8 38. Ra7+ Kf6 39. Qxb8 Bxb8 40. Rb7 Rg8 41. Ne3 f4 42. gxf4 Bxf4 43. Ng2 Bb8 44. Rxb6 Rh8 45. Kf2 Bxh2 46. Ne3 Kg5 47.
Rxe6 Bf4 0-1